Map: Golden Wall LE

Players

Dangerously

  • Race: Protoss Protoss
  • League: Silver
  • Spawn Location: 5:00

Throwfordays - Winner!

  • Race: Protoss Protoss
  • League: Silver
  • Spawn Location: 7:00

VOD

Have the link to the VOD?

Description

Time

  • Played on: June 29, 2020, 5:35 p.m.
  • Length: 15:00
Show
View Real Time Build Order
Export as new Build Order

Dangerously Protoss 

Build Orders:  

Get SALT Encoding   

  12  0:11  Pylon  
  12  0:14  Probe  
  13  0:22  Probe  
  14  0:38  Gateway  
  14  0:46  Gateway  
  14  0:50  Probe  
  15  1:02  Gateway  
  15  1:08  Probe  
  16  1:28  Assimilator  
  16  1:30  Probe  
  17  1:37  Zealot x2  
  21  1:42  Probe  
  22  1:50  Assimilator  
  22  1:54  Probe  
  23  2:10  Pylon  
  23  2:24  Cybernetics Core  
  23  2:28  Zealot, Probe  
  26  2:34  Forge  
  25  2:43  Probe  
  26  2:55  Probe  
  27  3:11  Stargate, Probe  
  28  3:23  Probe  
  29  3:27  Stargate  
  29  3:34  Protoss Ground Weapons Level 1  
  29  3:38  Probe  
  30  4:29  Probe  
  31  5:08  Pylon  
  31  5:12  Pylon  
  31  5:20  Nexus  
  31  5:26  Stalker x3, Probe  
  31  5:27  Assimilator  
  38  5:29  Void Ray x2  
  38  5:30  Assimilator  
  46  5:38  Probe  
  47  5:49  Photon Cannon  
  47  5:54  Photon Cannon  
  47  5:56  Photon Cannon  
  47  6:07  Gateway  
  47  6:15  Photon Cannon  
  47  6:31  Probe  
  48  6:35  Probe  
  49  6:40  Probe  
  49  6:43  Probe  
  50  6:48  Probe  
  50  6:52  Probe  
  52  6:58  Probe  
  54  7:04  Probe  
  55  7:10  Probe  
  55  7:13  Photon Cannon  
  56  7:16  Probe  
  56  7:22  Probe  
  58  7:23  Photon Cannon x2  
  58  7:31  Photon Cannon  
  58  7:34  Probe  
  59  7:41  Protoss Shields Level 1  
  59  7:46  Probe  
  60  7:59  Protoss Air Weapons Level 1  
  60  8:08  Pylon  
  60  8:12  Pylon  
  60  8:25  Void Ray x2  
  68  9:08  Void Ray x2  
  76  9:15  Pylon  
  76  9:18  Pylon  
  76  9:21  Pylon  
  76  9:25  Fleet Beacon  
  76  9:34  Stargate  
  76  9:51  Void Ray x2  
  84  10:06  Pylon  
  84  10:07  Protoss Air Armor Level 1  
  83  10:34  Photon Cannon  
  83  10:35  Photon Cannon  
  80  10:36  Photon Cannon  
  80  10:38  Photon Cannon  
  80  10:39  Photon Cannon  
  80  10:41  Photon Cannon  
  77  10:43  Photon Cannon  
  77  10:44  Photon Cannon  
  77  10:45  Photon Cannon  
  77  10:47  Photon Cannon  
  77  10:48  Photon Cannon x2  
  77  10:51  Photon Cannon  
  77  10:53  Photon Cannon x2  
  77  11:06  Sentry  
  79  11:39  Pylon  
  79  11:58  Sentry x4  
  87  12:02  Nexus  
  87  12:45  Pylon  
  87  12:51  Pylon  
  87  12:56  Pylon  
  87  12:57  Pylon  
  87  13:01  Pylon  
  87  13:02  Pylon  
Show
View Real Time Build Order
Export as new Build Order

Throwfordays Protoss - Winner!

Build Orders:  

Get SALT Encoding   

  12  0:01  Probe  
  13  0:13  Probe  
  14  0:20  Pylon  
  14  0:25  Probe  
  15  0:40  Gateway  
  15  0:49  Probe  
  16  0:54  Assimilator  
  16  1:01  Probe  
  17  1:13  Probe  
  18  1:18  Gateway  
  18  1:22  Forge  
  18  1:33  Cybernetics Core  
  18  1:34  Zealot  
  18  1:39  Pylon  
  20  1:50  Probe  
  21  1:58  Probe  
  21  2:03  Warp Gate  
  21  2:07  Photon Cannon  
  21  2:08  Probe  
  23  2:19  Zealot  
  25  2:30  Zealot  
  26  2:37  Probe  
  27  2:48  Shield Battery  
  27  2:52  Shield Battery  
  27  2:54  Adept  
  27  2:57  Shield Battery, Adept  
  31  3:10  Assimilator  
  31  3:12  Pylon  
  31  3:28  Probe  
  32  3:36  Probe  
  32  3:37  Pylon  
  33  3:44  Probe  
  33  3:48  Nexus  
  34  3:57  Probe  
  35  4:05  Stargate  
  35  4:09  Probe  
  36  4:21  Probe  
  37  4:25  Protoss Air Weapons Level 1  
  37  4:30  Assimilator  
  37  4:33  Probe  
  37  4:35  Assimilator  
  38  4:42  Stargate  
  39  4:45  Void Ray, Probe  
  39  4:58  Probe  
  44  5:02  Probe  
  45  5:10  Probe  
  46  5:14  Probe  
  46  5:16  Void Ray  
  47  5:28  Probe  
  52  5:29  Probe  
  53  5:40  Void Ray, Probe  
  53  5:41  Probe  
  59  5:52  Probe  
  59  5:53  Probe  
  61  6:01  Pylon  
  61  6:04  Probe  
  61  6:10  Pylon  
  62  6:18  Void Ray  
  62  6:19  Probe  
  67  6:26  Probe  
  67  6:28  Void Ray  
  67  6:31  Probe  
  73  6:34  Probe  
  73  6:37  Protoss Air Armor Level 1  
  73  6:39  Robotics Facility  
  74  6:43  Probe  
  75  7:10  Pylon  
  75  7:14  Pylon  
  75  7:26  Pylon  
  75  7:27  Void Ray x2  
  75  7:28  Observer  
  84  7:36  Protoss Shields Level 1  
  84  7:49  Observer  
  85  7:51  Pylon  
  85  8:00  Warp Prism  
  85  8:10  Void Ray x2  
  95  8:13  Observer  
  95  8:27  Fleet Beacon  
  94  8:54  Observer  
  94  8:55  Void Ray  
  99  9:00  Void Ray  
  103  9:10  Nexus  
  103  9:12  Assimilator  
  103  9:15  Observer  
  103  9:16  Assimilator  
  104  9:20  Pylon  
  104  9:30  Stargate  
  104  9:58  Void Ray x2  
  112  10:00  Stalker  
  112  10:01  Stalker  
  116  10:55  Void Ray x2  
  116  10:56  Void Ray  
  124  10:57  Stalker x2  
  124  11:04  Probe  
  129  11:12  Probe  
  129  11:15  Gateway  
  129  11:17  Gateway  
  130  11:18  Gateway  
  130  11:20  Protoss Ground Weapons Level 1, Gateway  
  130  11:21  Probe  
  131  11:33  Protoss Air Weapons Level 2  
  131  11:34  Twilight Council, Probe  
  131  11:38  Stargate  
  132  11:40  Stargate  
  132  11:46  Probe  
  133  12:14  Pylon  
  133  12:16  Pylon  
  133  12:18  Pylon, Blink  
  133  12:20  Pylon  
  133  12:23  Pylon  
  133  12:24  Pylon  
  133  12:26  Pylon  
  133  12:28  Pylon  
  133  12:32  Void Ray x2  
  133  12:34  Void Ray  
  133  12:35  Stalker  
  133  12:36  Stalker x3  
  133  12:37  Stalker x2  
  151  13:24  Stalker x4  
  151  13:25  Stalker x2  
  163  13:41  Void Ray x3  
  167  13:47  Void Ray x2  
  183  13:50  Stalker x3  
  175  14:24  Pylon  
  175  14:26  Pylon  
  175  14:28  Pylon  
  175  14:30  Pylon  
  175  14:32  Pylon  
  175  14:34  Pylon  
  175  14:47  Stalker x3  
  175  14:48  Stalker x3  
Tags
 
Matchup
PvP
Replay Pack
Multiplayer
Spawn Locations
Close Positions
Add a new tag
Caveats
  • Supply blocks, unpowered buildings, or Contaminate may cause inaccurate times.
  • Supply counts are checked every 10 seconds.